 Dungeon Crawl Stone Soup version 0.26.1-11-gd32895ea62 (webtiles) character file.

Game seed: 455957024335688346

2019 nothank2 the Basher (level 9, -10/59 HPs)
             Began as a Gargoyle Fighter on July 10, 2021.
             Was a Priest of Nemelex Xobeh.
             Splashed by a centaur's acid (11 damage)
             ... on level 6 of the Dungeon.
             The game lasted 00:18:33 (5803 turns).

nothank2 the Basher (Gargoyle Fighter)              Turns: 5803, Time: 00:18:33

Health: -10/59     AC: 17    Str: 23    XL:     9   Next: 23%
Magic:  18/18      EV:  4    Int:  9    God:    Nemelex Xobeh [***...]
Gold:   366        SH: 10    Dex:  9    Spells: 8/8 levels left

rFire    . . .     SeeInvis .   a - +1 flail
rCold    . . .     Faith    .   c - +1 kite shield
rNeg     + . .     Spirit   .   E - +0 plate armour
rPois    ∞         Reflect  .   h - +0 helmet
rElec    +         Harm     .   B - +0 cloak
rCorr    .         Rampage  .   r - +0 pair of gloves
Will     .....                  (no boots)
Stlth    ..........             (no amulet)
HPRegen  0.19/turn              m - ring of magical power
MPRegen  0.16/turn              H - ring of stealth

@: corroded
A: negative energy resistance 1, electricity resistance, unbreathing,
petrification resistance, miasma immunity, AC +6
a: Renounce Religion, Draw Escape, Draw Destruction, Draw Summoning, Triple Draw


You were on level 6 of the Dungeon.
You worshipped Nemelex Xobeh.
Nemelex Xobeh was most pleased with you.
You visited 1 branch of the dungeon, and saw 6 of its levels.
You also visited: Ossuary.

You collected 366 gold pieces.

Inventory:

Hand Weapons
 a - a +1 flail (weapon)
 q - the +3 dagger "Suxe" {vorpal, rF+++ rC+ Dex+4 Stlth-}
   (You took it off an orc on level 3 of the Dungeon)

   It inflicts extra damage upon your enemies.
   It affects your dexterity (+4).
   It renders you almost immune to fire.
   It protects you from cold.
   It makes you less stealthy.
Armour
 c - a +1 kite shield (worn)
 h - a +0 helmet (worn)
 r - a +0 pair of gloves (worn)
 B - a +0 cloak (worn)
 E - a +0 plate armour (worn)
Jewellery
 m - a ring of magical power (left hand)
 H - a ring of stealth (right hand)
Wands
 A - a wand of flame (15)
 F - a wand of polymorph (6)
Scrolls
 f - 6 scrolls of remove curse
 i - a scroll of holy word
 j - 2 scrolls of magic mapping
 k - 4 scrolls of teleportation
 l - 2 scrolls of enchant armour
 s - a scroll of fear
 u - a scroll of immolation
 x - a scroll of amnesia
Potions
 b - a potion of attraction {unknown}
 d - a potion of might
 e - a potion of berserk rage {unknown}
 g - 2 potions of brilliance
 n - 4 potions of haste
 o - a potion of degeneration {unknown}
 t - a potion of resistance {unknown}
 w - 4 potions of curing {unknown}
 C - a potion of heal wounds {unknown}
 D - a potion of cancellation {unknown}


   Skills:
 + Level 8.1 Fighting
 * Level 9.9 Maces & Flails
 - Level 3.2 Armour
 - Level 3.2 Shields


You had 8 spell levels left.
You didn't know any spells.
Your spell library contained the following spells:

 Spells                   Type           Power        Failure   Level
 Foxfire                  Conj/Fire      0%           100%        1
 Conjure Flame            Conj/Fire      0%           100%        3
 Inner Flame              Hex/Fire       0%           100%        3
 Sticky Flame             Conj/Fire      0%           100%        4
 Fireball                 Conj/Fire      0%           100%        5


Dungeon Overview and Level Annotations

Branches:
Dungeon (6/15)             Temple (0/1) D:5         Ossuary (visited)

Altars:
Ashenzari
Cheibriados
Gozag
Kikubaaqudgha
Makhleb
Nemelex Xobeh
Ru
Trog
Wu Jian
Xom
Yredelemnul
The Shining One
Beogh


Innate Abilities, Weirdness & Mutations

You are resistant to torment.
Your stone body is resilient. (AC +6)
You are immune to poison.
You resist negative energy. (rN+)
You are resistant to electric shocks. (rElec)
You can survive without breathing.
You are immune to petrification.
You are immune to miasma.


Message History

You hit the centaur but do no damage.
The centaur is moderately wounded.
The centaur hits you.
You hit the centaur but do no damage.
The centaur is moderately wounded.
You block the centaur's attack.
The centaur zaps a wand.
The bolt of acid hits you!
You are splashed with acid!
* * * LOW HITPOINT WARNING * * *
You are too injured to fight recklessly!
You draw a card...
You have drawn Vitriol.
Press: ? - help, Shift-Dir - straight line, f - centaur
Aim: a centaur, quivering 17 arrows and carrying a wand of acid (9) (moderately wounded)
The glob of acid hits the centaur!
The centaur is splashed with acid.
The centaur is almost dead.
The centaur zaps a wand.
The bolt of acid hits you!
* * * LOW HITPOINT WARNING * * *
You are splashed with acid!
You die...
Your body glows with a rainbow of weird colours and disappears.

##.##............###..####
.#.###.......#.>.........###
.......###...#.............#
###...##..........<.....).##
##...##..#.#............####
##........#.#...###....#...>.
............#.#.......##.....
..............##.............
##..[........((.@c.....#.#...
....##......(..........###...
#...#........................
##............##...)........#
#...#..........#...........##
.............#.........#...#
......#.<[...#........##.###
...................[.##....##
..........#..#..............###
#


You could see a centaur.

Vanquished Creatures
  Grinder (D:3)
  Sigmund (D:5)
  Menkaure (D:5)
  Duvessa (D:5)
  A phantom (D:4)
  2 ogres (D:6)
  The ghost of vvl the Changer, an amateur DrTm (D:3)
  A centaur (D:4)
  Dowan (D:5)
  3 scorpions (D:4)
  A howler monkey (D:5)
  2 jellies (D:5)
  2 orc priests
  3 hounds
  An orc wizard (D:4)
  Crazy Yiuf (D:5)
  A bullfrog skeleton (D:5)
  A centaur skeleton (D:4)
  An iguana (D:4)
  A worker ant (D:2)
  2 big kobold zombies (Ossuary)
  A hound zombie (D:6)
  6 mummies
  9 adders
  A howler monkey skeleton (D:5)
  A shadow imp (D:5)
  An ufetubus (D:5)
  An ooze (D:3)
  4 worms
  3 dart slugs
  5 leopard geckos
  17 orcs
  12 bats
  A bat zombie (D:2)
  4 giant cockroaches
  11 goblins
  8 hobgoblins
  9 jackals
  15 kobolds
  4 quokkas
  3 ball pythons
  4 frilled lizards
  4 hobgoblin zombies
  A kobold zombie (D:4)
  8 rats
  2 rat zombies (D:2)
  A spectral orc (D:5)
165 creatures vanquished.

Vanquished Creatures (others)
  A worker ant (D:5)
  36 plants
37 creatures vanquished.

Grand Total: 202 creatures vanquished

Notes
Turn   | Place    | Note
-------+----------+-------------------------------------------
     0 | D:1      | nothank2 the Gargoyle Fighter began the quest for the Orb.
     0 | D:1      | Reached XP level 1. HP: 14/14 MP: 1/1
    79 | D:1      | Reached XP level 2. HP: 19/19 MP: 2/2
   297 | D:1      | Reached skill level 3 in Maces & Flails
   310 | D:1      | Reached XP level 3. HP: 24/24 MP: 3/3
   585 | D:1      | Found a sparkling altar of Nemelex Xobeh.
   589 | D:1      | Became a worshipper of Nemelex Xobeh the Trickster
   983 | D:2      | Reached XP level 4. HP: 23/29 MP: 4/4
  1075 | D:2      | Reached skill level 4 in Maces & Flails
  1282 | D:2      | Found a snail-covered altar of Cheibriados.
  1299 | D:2      | Reached * piety under Nemelex Xobeh
  1380 | D:2      | Received a gift from Nemelex Xobeh
  1391 | D:2      | Reached XP level 5. HP: 33/33 MP: 5/5
  1435 | D:2      | Found a glowing silver altar of Zin.
  1525 | D:2      | Found an ancient bone altar of Kikubaaqudgha.
  1601 | D:2      | Found a bloodstained altar of Trog.
  1601 | D:2      | Found a snail-covered altar of Cheibriados.
  1603 | D:2      | Found a shimmering altar of Xom.
  1603 | D:2      | Found an ornate altar of the Wu Jian Council.
  1603 | D:2      | Found a glowing golden altar of the Shining One.
  1847 | D:3      | Noticed Grinder
  1855 | D:3      | Killed Grinder
  1856 | D:3      | Reached skill level 5 in Fighting
  1856 | D:3      | Reached skill level 5 in Maces & Flails
  1856 | D:3      | Reached XP level 6. HP: 13/40 MP: 6/6
  2108 | D:3      | Received a gift from Nemelex Xobeh
  2428 | D:3      | Found a runed translucent gate.
  2428 | D:3      | Noticed vvl's ghost (amateur DrTm)
  2431 | D:3      | Found a runed translucent gate.
  2432 | D:3      | Found a roughly hewn altar of Beogh.
  2432 | D:3      | Found a runed translucent gate.
  2432 | D:3      | Identified the +3 dagger "Suxe" {vorpal, rF+++ rC+ Dex+4
                  | Stlth-}
  2752 | D:3      | Killed vvl's ghost
  2753 | D:3      | Reached skill level 6 in Maces & Flails
  2753 | D:3      | Reached XP level 7. HP: 44/44 MP: 7/7
  2856 | D:4      | Found a sand-covered staircase.
  2963 | Ossuary  | Entered an ossuary
  2963 | Ossuary  | Reached ** piety under Nemelex Xobeh
  3180 | Ossuary  | Received a gift from Nemelex Xobeh
  3181 | Ossuary  | Identified the -2 hand axe "Sufron" {drain, rElec rN+}
  3281 | D:4      | Found an opulent altar of Gozag.
  3504 | D:4      | Reached skill level 7 in Maces & Flails
  3666 | D:4      | Reached XP level 8. HP: 44/52 MP: 8/8
  3870 | D:4      | Found a broken altar of Ashenzari.
  3910 | D:4      | Reached skill level 8 in Maces & Flails
  4016 | D:4      | Found a burning altar of Makhleb.
  4095 | D:5      | Entered Level 5 of the Dungeon
  4263 | D:5      | Found a staircase to the Ecumenical Temple.
  4359 | D:5      | Received a gift from Nemelex Xobeh
  4603 | D:5      | Noticed Sigmund
  4613 | D:5      | Killed Sigmund
  4620 | D:5      | Reached skill level 9 in Maces & Flails
  4630 | D:5      | Found a runed translucent door.
  4631 | D:5      | Noticed Crazy Yiuf
  4636 | D:5      | Killed Crazy Yiuf
  4828 | D:5      | Noticed Menkaure
  4836 | D:5      | Killed Menkaure
  4837 | D:5      | Reached XP level 9. HP: 40/58 MP: 9/9
  4945 | D:5      | Noticed Duvessa
  4954 | D:5      | Killed Duvessa
  4956 | D:5      | Noticed Dowan
  4977 | D:5      | Killed Dowan
  5101 | D:5      | Found a basalt altar of Yredelemnul.
  5445 | D:6      | Reached *** piety under Nemelex Xobeh
  5736 | D:6      | Found a sacrificial altar of Ru.
  5803 | D:6      | HP: 1/59 [centaur/bolt of acid (15)]
  5803 | D:6      | Splashed by a centaur's acid

Illustrated notes

Levels and vault maps discovered:
D:1:      wander_arrival_peaceful_grave, layout_loops_ring, serial_forest,
          infiniplex_forest_lined_2, infiniplex_forest_clump_long,
          infiniplex_forest_clump_double, infiniplex_forest_clump_tiny,
          infiniplex_forest_straight_2, nemelex_diamond_rough_becter
D:2:      layout_rooms, old_standard_altar, lemuel_zombie_altar_kikubaaqudgha,
          doesnt_xom_only_xom
D:3:      layout_loops_cross, serial_bayou, serial_bayou_shore_b,
          serial_bayou_lagoon_a, serial_bayou_shore_a, serial_bayou_pond_e,
          biasface_ghost_orc_armoury, uniq_grinder
D:4:      layout_loops_cross, old_standard_altar, cheibrodos_ashenzari_chains,
          makhleb_blood_cavern_becter, nicolae_ossuary_entry_giza,
          nzn_random_ring
D:5:      layout_loops_ring, yredelemnul_forgotten_temple_becter,
          temple_statues, kennysheep_small_circle, uniq_crazy_yiuf_cottage,
          uniq_duvessa, uniq_menkaure, uniq_sigmund
D:6:      layout_cave_pools, nicolae_ru_awakened_eye

Skill      XL: |  1  2  3  4  5  6  7  8  9 |
---------------+----------------------------+-----
Maces & Flails | 3 4 5 6 7 9 |  9.9
Fighting       | 4 5 6 7 8 |  8.1
Armour         | |  3.2
Shields        | |  3.2

Action                   |  1- 3 |  4- 6 |  7- 9 || total
-------------------------+-------+-------+-------++-------
Melee: Flail             |   134 |   215 |   292 ||   641
       Dagger            |       |       |     8 ||     8
Invok: Draw Destruction  |       |     7 |     9 ||    16
       Draw Summoning    |       |       |     1 ||     1
  Use: Scroll            |       |       |    16 ||    16
Armor: Scale mail        |   105 |   131 |   114 ||   350
       Plate armour      |       |       |    15 ||    15
Dodge: Dodged            |    60 |    74 |    44 ||   178
Block: Kite shield       |   104 |   130 |   120 ||   354
